 Dungeon Crawl Stone Soup version 0.26-a0-694-g74916bafe0 (webtiles) character file.

Game seed: 1300371017214576642

50 Roikka the Vexing (level 3, -3/36 HPs)
             Began as an Ogre Arcane Marksman on Oct 25, 2020.
             Slain by a white imp (4 damage)
             ... on level 2 of the Dungeon.
             The game lasted 00:04:47 (2247 turns).

Roikka the Vexing (Ogre Arcane Marksman)            Turns: 2247, Time: 00:04:48

Health: -3/36      AC:  3    Str: 15    XL:     3   Next: 79%
Magic:  5/5        EV: 10    Int: 14    God:
Gold:   22         SH:  0    Dex:  9    Spells: 2/5 levels left

rFire    . . .     SeeInvis .   e - +0 hand axe
rCold    . . .     Faith    .   (no shield)
rNeg     . . .     Spirit   .   a - +0 robe
rPois    .         Reflect  .   (helmet restricted)
rElec    .         Harm     .   (no cloak)
rCorr    .         Rampage  .   (gloves unavailable)
MR       .....                  (boots unavailable)
Stlth    +.........             (no amulet)
HPRegen  0.12/turn              (no ring)
MPRegen  0.09/turn              (no ring)

@: no status effects
A: large, unfitting armour, tough skin 1
a: no special abilities


You were on level 2 of the Dungeon.
You visited 1 branch of the dungeon, and saw 2 of its levels.

You collected 22 gold pieces.

Inventory:

Hand Weapons
 e - a +0 hand axe (weapon)
Missiles
 c - 2 large rocks (quivered)
 d - 2 throwing nets
Armour
 a - a +0 robe (worn)
Scrolls
 b - a scroll of enchant weapon {unknown}
 g - 4 scrolls of teleportation {unknown}
 i - a scroll of identify
Potions
 f - 2 potions of curing {unknown}
 h - 2 potions of heal wounds {unknown}


   Skills:
 + Level 2.4 Fighting
 + Level 0.0 Axes
 + Level 2.4 Throwing
 + Level 2.2 Dodging
 + Level 1.9 Spellcasting
 + Level 3.0 Hexes


You had 2 spell levels left.
You knew the following spells:

 Your Spells              Type           Power        Failure   Level
a - Corona                Hex            #......      7%          1
b - Slow                  Hex            #.......     11%         2

Your spell library contained the following spells:

 Spells                   Type           Power        Failure   Level
 Inner Flame              Hex/Fire       #.......     36%         3
 Portal Projectile        Hex/Tloc       #.....       36%         3
 Cause Fear               Hex            #.........   56%         4
 Leda's Liquefaction      Hex/Erth       #.........   77%         4


Dungeon Overview and Level Annotations

Branches:
Dungeon (1/15)

Altars:


Innate Abilities, Weirdness & Mutations

You are too large for most types of armour.
You have tough skin. (AC +1)


Message History

* * * LOW HITPOINT WARNING * * *
Throwing (i - inventory. (/) - cycle)
c - 4 large rocks (quivered)
Press: ? - help, Shift-Dir - straight line, f - white imp
Aim: a white imp (severely wounded)
You throw a large rock.
The large rock barely misses the white imp.
The white imp hits you.
* * * LOW HITPOINT WARNING * * *
The white imp freezes you.
* * * LOW HITPOINT WARNING * * *
Throwing (i - inventory. (/) - cycle)
c - 3 large rocks (quivered)
Press: ? - help, Shift-Dir - straight line, f/p - white imp
Aim: a white imp (severely wounded)
You throw a large rock.
The large rock closely misses the white imp.
The white imp hits you but does no damage.
The white imp hits you.
* * * LOW HITPOINT WARNING * * *
The white imp freezes you.
You die...

. # # # # ## #
.#################.###
...........(.((.@5..(#
..####################
..# ..# #.# #.## #..#
#..# #..#####


You could see a white imp.

Vanquished Creatures
  2 oozes (D:1)
  A worm (D:2)
  3 dart slugs (D:1)
  2 leopard geckos
  A giant cockroach (D:1)
  4 goblins
  7 hobgoblins
  3 bats
  2 frilled lizards (D:2)
  A kobold (D:1)
  4 rats (D:1)
30 creatures vanquished.

Notes
Turn   | Place    | Note
-------+----------+-------------------------------------------
     0 | D:1      | Roikka the Ogre Arcane Marksman began the quest for the
                  | Orb.
     0 | D:1      | Reached XP level 1. HP: 19/19 MP: 2/2
   112 | D:1      | Reached XP level 2. HP: 6/28 MP: 0/4
  1187 | D:1      | Reached XP level 3. HP: 32/35 MP: 2/5
  1379 | D:1      | Learned a level 2 spell: Slow
  1680 | D:1      | You fall into a shaft and drop 1 floor!
  1695 | D:2      | Reached skill level 3 in Hexes
  2247 | D:2      | HP: 1/36 [white imp (1)]
  2247 | D:2      | Slain by a white imp

Illustrated notes

Levels and vault maps discovered:
D:1:      psy_arrival_terrarium, layout_basic, minmay_quantized
D:2:      layout_basic

Skill      XL: |  1  2  3 |
---------------+----------+-----
Dodging        | 2 |  2.2
Fighting       | 2 |  2.4
Hexes          | 3 |  3.0
Throwing       | |  2.4
Spellcasting   | |  1.9

Action                   || total
-------------------------++-------
Melee: Unarmed           ||    53
       Club              ||    45
       Hand axe          ||    94
Throw: Large rock        ||     5
 Cast: Corona            ||    16
       Slow              ||    11
  Use: Scroll            ||     1
Armor: Robe              ||    64
Dodge: Dodged            ||   109

Table legend: (Time is in decaauts)
 A = Elapsed time spent in this place.
 B = Non-inter-level travel time spent in this place.
 C = Inter-level travel time spent in this place.
 D = Time resting spent in this place.
 E = Time spent auto-exploring this place.
 F = Levels seen in this place.
 G = Mean time per level.
                   A        B        C        D        E       F      G
               +--------+--------+--------+--------+--------+-----+--------+
         Total |   2291 |   2291 |      0 |    945 |    732 |   2 | 1145.5 |
       Dungeon |   2291 |   2291 |      0 |    945 |    732 |   2 | 1145.5 |
               +--------+--------+--------+--------+--------+-----+--------+

Top non-repeatable levels by time:
     D:1: 1700 daAuts
     D:2: 590 daAuts
